Workbook

Sheet ORÇAMENTARIA
B2: PLANILHA ORÇAMENTÁRIA
B5: Nível Corrigido | C5: Item | D5: Fonte | E5: Código | F5: Descrição | G5: Unidade | H5: Quantidade | I5: Custo Unitário (sem BDI) (R$) | J5: Preço Unitário (com BDI) (R$) | K5: Preço Total (R$)
G6: - | H6: 0 | J6: 0 | K6: =K7+K17+K25+K49+K95+K113+K167+K174+K180+K196+K230+K256+K307+K330+K381+K416+K477+K598+K636+K643+K655+K659+K672+K684 -> 5164000
B7: Nível 2 | C7: 1.1. | D7: SINAPI | F7: SERVIÇOS PRELIMINARES | G7: - | H7: 0 | J7: 0 | K7: =SUM(K8:K16) -> 594849.24
B8: Serviço | C8: 1.1.0.0.1. | D8: SINAPI | E8: 103689 | F8: FORNECIMENTO E INSTALAÇÃO DE PLACA DE OBRA COM CHAPA GALVANIZADA E ESTRUTURA DE MADEIRA. AF_03/2022_PS | G8: M2 | H8: 6.48 | I8: 397.72 | J8: 487.08 | K8: 3156.27
B9: Serviço | C9: 1.1.0.0.2. | D9: SINAPI | E9: 98459 | F9: TAPUME COM TELHA METÁLICA. AF_03/2024 | G9: M2 | H9: 501.6 | I9: 72.54 | J9: 88.83 | K9: 44557.12
B10: Serviço | C10: 1.1.0.0.3. | D10: SINAPI | E10: 101509 | F10: ENTRADA DE ENERGIA ELÉTRICA, AÉREA, TRIFÁSICA, COM CAIXA DE EMBUTIR, CABO DE 10 MM2 E DISJUNTOR DIN 50A (NÃO INCLUSO O POSTE DE CONCRETO). AF_07/2020 | G10: UN | H10: 1 | I10: 1646.69 | J10: 2016.7 | K10: 2016.7
B11: Serviço | C11: 1.1.0.0.4. | D11: Composição | E11: FNDE 03 | F11: LIGAÇÃO PROVISÓRIA DE ÁGUA E ESGOTO (UN) | G11: UN | H11: 1 | I11: 2589.1128 | J11: =I11*22.47%+I11 -> 3170.8865 | K11: =J11*H11 -> 3170.8865
B12: Serviço | C12: 1.1.0.0.5. | D12: SINAPI | E12: 99059 | F12: LOCAÇÃO CONVENCIONAL DE OBRA, UTILIZANDO GABARITO DE TÁBUAS CORRIDAS PONTALETADAS A CADA 2,00M - 2 UTILIZAÇÕES. AF_03/2024 | G12: M | H12: 254 | I12: 64.02 | J12: 78.4 | K12: 19913.6
B13: Serviço | C13: 1.1.0.0.6. | D13: Composição | E13: FNDE 244 | F13: ADMINISTRAÇÃO LOCAL TIPO 1 (UN) | G13: UN | H13: 1 | I13: 397109.15 | J13: =I13*22.47%+I13 -> 486339.58 | K13: =J13*H13 -> 486339.58
B14: Serviço | C14: 1.1.0.0.7. | D14: Composição | E14: FNDE 231 | F14: LOCACAO DE CONTAINER 2,30 X 6,00 M, ALT. 2,50 M, COM 1 SANITARIO, PARA ESCRITORIO, COMPLETO, SEM DIVISORIAS INTERNAS (NAO INCLUI MOBILIZACAO/DESMOBILIZACAO) (MÊS) | G14: MÊS | H14: 10 | I14: 963.18682 | J14: =I14*22.47%+I14 -> 1179.6149 | K14: =J14*H14 -> 11796.149
B15: Serviço | C15: 1.1.0.0.8. | D15: Composição | E15: FNDE 230 | F15: LOCACAO DE CONTAINER 2,30 X 6,00 M, ALT. 2,50 M, PARA ESCRITORIO, SEM DIVISORIAS INTERNAS E SEM SANITARIO (NAO INCLUI MOBILIZACAO/DESMOBILIZACAO) (MÊS) | G15: MÊS | H15: 10 | I15: 787.92082 | J15: =I15*22.47%+I15 -> 964.96663 | K15: =J15*H15 -> 9649.6663
B16: Serviço | C16: 1.1.0.0.9. | D16: Composição | E16: FNDE 232 | F16: LOCACAO DE CONTAINER 2,30 X 6,00 M, ALT. 2,50 M, PARA SANITARIO, COM 4 BACIAS, 8 CHUVEIROS,1 LAVATORIO E 1 MICTORIO (NAO INCLUI MOBILIZACAO/DESMOBILIZACAO) (MÊS) | G16: MÊS | H16: 10 | I16: 1163.4908 | J16: =I16*22.47%+I16 -> 1424.9272 | K16: =J16*H16 -> 14249.272
B17: Nível 2 | C17: 1.2. | D17: SINAPI | F17: MOVIMENTO DE TERRA PARA FUNDAÇÕES | G17: - | H17: 0 | I17: 0 | J17: 0 | K17: =SUM(K18:K24) -> 133141.27
B18: Serviço | C18: 1.2.0.0.1. | D18: SINAPI | E18: 98525 | F18: LIMPEZA MECANIZADA DE CAMADA VEGETAL, VEGETAÇÃO E PEQUENAS ÁRVORES (DIÂMETRO DE TRONCO MENOR QUE 0,20 M), COM TRATOR DE ESTEIRAS. AF_03/2024 | G18: M2 | H18: 2925 | I18: 0.6 | J18: 0.73 | K18: 2135.25
B19: Serviço | C19: 1.2.0.0.2. | D19: SINAPI | E19: 94304 | F19: ATERRO MECANIZADO DE VALA COM ESCAVADEIRA HIDRÁULICA (CAPACIDADE DA CAÇAMBA: 0,8 M³ / POTÊNCIA: 111 HP), LARGURA ATÉ 2,5 M, PROFUNDIDADE ATÉ 1,5 M, COM SOLO ARGILO-ARENOSO. AF_08/2023 | G19: M3 | H19: 585 | I19: 61.37 | J19: 75.15 | K19: 43962.75
B20: Serviço | C20: 1.2.0.0.3. | D20: SINAPI | E20: 96521 | F20: ESCAVAÇÃO MECANIZADA PARA BLOCO DE COROAMENTO OU SAPATA COM RETROESCAVADEIRA (INCLUINDO ESCAVAÇÃO PARA COLOCAÇÃO DE FÔRMAS). AF_01/2024 | G20: M3 | H20: 457.05 | I20: 38.29 | J20: 46.89 | K20: 21431.07
B21: Serviço | C21: 1.2.0.0.4. | D21: SINAPI | E21: 96525 | F21: ESCAVAÇÃO MECANIZADA PARA VIGA BALDRAME OU SAPATA CORRIDA COM MINI-ESCAVADEIRA (INCLUINDO ESCAVAÇÃO PARA COLOCAÇÃO DE FÔRMAS). AF_01/2024 | G21: M3 | H21: 264.04 | I21: 49.19 | J21: 60.24 | K21: 15905.76
B22: Serviço | C22: 1.2.0.0.5. | D22: SINAPI | E22: 101616 | F22: PREPARO DE FUNDO DE VALA COM LARGURA MENOR QUE 1,5 M (ACERTO DO SOLO NATURAL). AF_08/2020 | G22: M2 | H22: 1317.99 | I22: 6.51 | J22: 7.97 | K22: 10504.38
B23: Serviço | C23: 1.2.0.0.6. | D23: SINAPI | E23: 104740 | F23: REATERRO MECANIZADO DE VALA COM MINICARREGADEIRA, COM COMPACTADOR DE SOLOS DE PERCUSSÃO. AF_08/2023 | G23: M3 | H23: 619.96 | I23: 25.49 | J23: 31.21 | K23: 19348.95
B24: Serviço | C24: 1.2.0.0.7. | D24: SINAPI | E24: 104738 | F24: ATERRO MECANIZADO DE VALA COM MINICARREGADEIRA, COM SOLO ARGILO-ARENOSO. AF_08/2023 | G24: M3 | H24: 247.36 | I24: 65.54 | J24: 80.26 | K24: 19853.11
B25: Nível 2 | C25: 1.3. | D25: SINAPI | F25: FUNDAÇÕES | G25: - | H25: 0 | I25: 0 | J25: 0 | K25: =K30+K38+K26 -> 299921.21
B26: Nível 3 | C26: 1.3.1. | D26: SINAPI | F26: CONCRETO ARMADO PARA FUNDAÇÕES | G26: - | H26: 0 | I26: 0 | J26: 0 | K26: =SUM(K27:K29) -> 168354.13
B27: Serviço | C27: 1.3.1.0.1. | D27: Composição | E27: COMP-EST25 | F27: ESTACA ESCAVADA MECANICAMENTE, SEM FLUIDO ESTABILIZANTE, COM 25CM DE DIÂMETRO, CONCRETO LANÇADO POR CAMINHÃO BETONEIRA, INTEIRAMENTE ARMADA. | G27: M | H27: 880 | I27: 83.777148 | J27: =I27*22.47%+I27 -> 102.60187 | K27: =J27*H27 -> 90289.648
B28: Serviço | C28: 1.3.1.0.2. | D28: Composição | E28: COMP-EST40 | F28: ESTACA ESCAVADA MECANICAMENTE, SEM FLUIDO ESTABILIZANTE, COM 40CM DE DIÂMETRO, CONCRETO LANÇADO POR CAMINHÃO BETONEIRA, INTEIRAMENTE ARMADA. | G28: M | H28: 448 | I28: 135.77273 | J28: =I28*22.47%+I28 -> 166.28086 | K28: =J28*H28 -> 74493.825
B29: Serviço | C29: 1.3.1.0.3. | D29: SINAPI | E29: 95601 | F29: ARRASAMENTO MECANICO DE ESTACA DE CONCRETO ARMADO, DIAMETROS DE ATÉ 40 CM. AF_05/2021 | G29: UN | H29: 166 | I29: 17.57 | J29: 21.51 | K29: 3570.66
B30: Nível 3 | C30: 1.3.2. | D30: SINAPI | F30: CONCRETO ARMADO PARA SAPATAS | G30: - | H30: 0 | I30: 0 | K30: =SUM(K31:K37) -> 19719.07
B31: Serviço | C31: 1.3.2.0.1. | D31: SINAPI | E31: 96621 | F31: LASTRO COM MATERIAL GRANULAR, APLICAÇÃO EM BLOCOS DE COROAMENTO, ESPESSURA DE *5 CM*. AF_01/2024 | G31: M3 | H31: 1.37 | I31: 227.55 | J31: 278.68 | K31: 381.79
B32: Serviço | C32: 1.3.2.0.2. | D32: SINAPI | E32: 96619 | F32: LASTRO DE CONCRETO MAGRO, APLICADO EM BLOCOS DE COROAMENTO OU SAPATAS, ESPESSURA DE 5 CM. AF_01/2024 | G32: M2 | H32: 27.34 | I32: 36.58 | J32: 44.79 | K32: 1224.55
B33: Serviço | C33: 1.3.2.0.3. | D33: SINAPI | E33: 96535 | F33: FABRICAÇÃO, MONTAGEM E DESMONTAGEM DE FÔRMA PARA SAPATA, EM MADEIRA SERRADA, E=25 MM, 4 UTILIZAÇÕES. AF_01/2024 | G33: M2 | H33: 20.39 | I33: 130.72 | J33: 160.09 | K33: 3264.23
B34: Serviço | C34: 1.3.2.0.4. | D34: SINAPI | E34: 104918 | F34: ARMAÇÃO DE SAPATA ISOLADA, VIGA BALDRAME E SAPATA CORRIDA UTILIZANDO AÇO CA-50 DE 8 MM - MONTAGEM. AF_01/2024 | G34: KG | H34: 762.7 | I34: 11.96 | J34: 14.64 | K34: 11165.92
B35: Serviço | C35: 1.3.2.0.5. | D35: SINAPI | E35: 104919 | F35: ARMAÇÃO DE SAPATA ISOLADA, VIGA BALDRAME E SAPATA CORRIDA UTILIZANDO AÇO CA-50 DE 10 MM - MONTAGEM. AF_01/2024 | G35: KG | H35: 54.16 | I35: 10.48 | J35: 12.83 | K35: 694.87
B36: Serviço | C36: 1.3.2.0.6. | D36: SINAPI | E36: 104916 | F36: ARMAÇÃO DE SAPATA ISOLADA, VIGA BALDRAME E SAPATA CORRIDA UTILIZANDO AÇO CA-60 DE 5 MM - MONTAGEM. AF_01/2024 | G36: KG | H36: 16.11 | I36: 14.91 | J36: 18.26 | K36: 294.16
B37: Serviço | C37: 1.3.2.0.7. | D37: SINAPI | E37: 96558 | F37: CONCRETAGEM DE SAPATA, FCK 30 MPA, COM USO DE BOMBA - LANÇAMENTO, ADENSAMENTO E ACABAMENTO. AF_01/2024 | G37: M3 | H37: 3.38 | I37: 650.7 | J37: 796.91 | K37: 2693.55
B38: Nível 3 | C38: 1.3.3. | D38: SINAPI | F38: CONCRETO ARMADO PARA BLOCOS | G38: - | H38: 0 | I38: 0 | K38: =SUM(K39:K48) -> 111848.01
B39: Serviço | C39: 1.3.3.0.1. | D39: SINAPI | E39: 96621 | F39: LASTRO COM MATERIAL GRANULAR, APLICAÇÃO EM BLOCOS DE COROAMENTO, ESPESSURA DE *5 CM*. AF_01/2024 | G39: M3 | H39: 20.24 | I39: 227.55 | J39: 278.68 | K39: 5640.48
B40: Serviço | C40: 1.3.3.0.2. | D40: SINAPI | E40: 96619 | F40: LASTRO DE CONCRETO MAGRO, APLICADO EM BLOCOS DE COROAMENTO OU SAPATAS, ESPESSURA DE 5 CM. AF_01/2024 | G40: M2 | H40: 404.84 | I40: 36.58 | J40: 44.79 | K40: 18132.78
B41: Serviço | C41: 1.3.3.0.3. | D41: SINAPI | E41: 96534 | F41: FABRICAÇÃO, MONTAGEM E DESMONTAGEM DE FÔRMA PARA BLOCO DE COROAMENTO, EM MADEIRA SERRADA, E=25 MM, 4 UTILIZAÇÕES. AF_01/2024 | G41: M2 | H41: 311.32 | I41: 74.38 | J41: 91.09 | K41: 28358.13
B42: Serviço | C42: 1.3.3.0.4. | D42: SINAPI | E42: 96544 | F42: ARMAÇÃO DE BLOCO UTILIZANDO AÇO CA-50 DE 6,3 MM - MONTAGEM. AF_01/2024 | G42: KG | H42: 394.89 | I42: 15.84 | J42: 19.39 | K42: 7656.91
B43: Serviço | C43: 1.3.3.0.5. | D43: SINAPI | E43: 96545 | F43: ARMAÇÃO DE BLOCO UTILIZANDO AÇO CA-50 DE 8 MM - MONTAGEM. AF_01/2024 | G43: KG | H43: 125.91 | I43: 13.82 | J43: 16.92 | K43: 2130.39
B44: Serviço | C44: 1.3.3.0.6. | D44: SINAPI | E44: 96546 | F44: ARMAÇÃO DE BLOCO UTILIZANDO AÇO CA-50 DE 10 MM - MONTAGEM. AF_01/2024 | G44: KG | H44: 608.95 | I44: 11.83 | J44: 14.48 | K44: 8817.59
B45: Serviço | C45: 1.3.3.0.7. | D45: SINAPI | E45: 104920 | F45: ARMAÇÃO DE BLOCO, SAPATA ISOLADA, VIGA BALDRAME E SAPATA CORRIDA UTILIZANDO AÇO CA-50 DE 12,5 MM - MONTAGEM. AF_01/2024 | G45: KG | H45: 6.88 | I45: 8.81 | J45: 10.78 | K45: 74.16
B46: Serviço | C46: 1.3.3.0.8. | D46: SINAPI | E46: 104921 | F46: ARMAÇÃO DE BLOCO, SAPATA ISOLADA, VIGA BALDRAME E SAPATA CORRIDA UTILIZANDO AÇO CA-50 DE 16 MM - MONTAGEM. AF_01/2024 | G46: KG | H46: 10.13 | I46: 8.13 | J46: 9.95 | K46: 100.79
B47: Serviço | C47: 1.3.3.0.9. | D47: SINAPI | E47: 96543 | F47: ARMAÇÃO DE BLOCO UTILIZANDO AÇO CA-60 DE 5 MM - MONTAGEM. AF_01/2024 | G47: KG | H47: 296.78 | I47: 18.27 | J47: 22.37 | K47: 6638.96
B48: Serviço | C48: 1.3.3.0.10. | D48: SINAPI | E48: 96557 | F48: CONCRETAGEM DE BLOCO DE COROAMENTO OU VIGA BALDRAME, FCK 30 MPA, COM USO DE BOMBA - LANÇAMENTO, ADENSAMENTO E ACABAMENTO. AF_01/2024 | G48: M3 | H48: 45.14 | I48: 620.41 | J48: 759.81 | K48: 34297.82
B49: Nível 2 | C49: 1.4. | D49: SINAPI | F49: SUPERESTRUTURA | G49: - | H49: 0 | I49: 0 | J49: 0 | K49: =K50+K61+K68+K76 -> 657084.81
B50: Nível 3 | C50: 1.4.1. | D50: SINAPI | F50: CONCRETO ARMADO - VIGAS BALDRAME | G50: - | H50: 0 | I50: 0 | J50: 0 | K50: =SUM(K51:K60) -> 176516.38
B51: Serviço | C51: 1.4.1.0.1. | D51: SINAPI | E51: 96621 | F51: LASTRO COM MATERIAL GRANULAR, APLICAÇÃO EM BLOCOS DE COROAMENTO, ESPESSURA DE *5 CM*. AF_01/2024 | G51: M3 | H51: 43.64 | I51: 227.55 | J51: 278.68 | K51: 12161.59
B52: Serviço | C52: 1.4.1.0.2. | D52: SINAPI | E52: 96619 | F52: LASTRO DE CONCRETO MAGRO, APLICADO EM BLOCOS DE COROAMENTO OU SAPATAS, ESPESSURA DE 5 CM. AF_01/2024 | G52: M2 | H52: 872.87 | I52: 36.58 | J52: 44.79 | K52: 39095.84
B53: Serviço | C53: 1.4.1.0.3. | D53: SINAPI | E53: 96536 | F53: FABRICAÇÃO, MONTAGEM E DESMONTAGEM DE FÔRMA PARA VIGA BALDRAME, EM MADEIRA SERRADA, E=25 MM, 4 UTILIZAÇÕES. AF_01/2024 | G53: M2 | H53: 525.3 | I53: 64.06 | J53: 78.45 | K53: 41209.78
B54: Serviço | C54: 1.4.1.0.4. | D54: SINAPI | E54: 104918 | F54: ARMAÇÃO DE SAPATA ISOLADA, VIGA BALDRAME E SAPATA CORRIDA UTILIZANDO AÇO CA-50 DE 8 MM - MONTAGEM. AF_01/2024 | G54: KG | H54: 589.1 | I54: 11.96 | J54: 14.64 | K54: 8624.42
B55: Serviço | C55: 1.4.1.0.5. | D55: SINAPI | E55: 104919 | F55: ARMAÇÃO DE SAPATA ISOLADA, VIGA BALDRAME E SAPATA CORRIDA UTILIZANDO AÇO CA-50 DE 10 MM - MONTAGEM. AF_01/2024 | G55: KG | H55: 521.55 | I55: 10.48 | J55: 12.83 | K55: 6691.48
B56: Serviço | C56: 1.4.1.0.6. | D56: SINAPI | E56: 104920 | F56: ARMAÇÃO DE BLOCO, SAPATA ISOLADA, VIGA BALDRAME E SAPATA CORRIDA UTILIZANDO AÇO CA-50 DE 12,5 MM - MONTAGEM. AF_01/2024 | G56: KG | H56: 1219.83 | I56: 8.81 | J56: 10.78 | K56: 13149.76
B57: Serviço | C57: 1.4.1.0.7. | D57: SINAPI | E57: 104921 | F57: ARMAÇÃO DE BLOCO, SAPATA ISOLADA, VIGA BALDRAME E SAPATA CORRIDA UTILIZANDO AÇO CA-50 DE 16 MM - MONTAGEM. AF_01/2024 | G57: KG | H57: 171.64 | I57: 8.13 | J57: 9.95 | K57: 1707.81
B58: Serviço | C58: 1.4.1.0.8. | D58: SINAPI | E58: 104922 | F58: ARMAÇÃO DE BLOCO, SAPATA ISOLADA E SAPATA CORRIDA UTILIZANDO AÇO CA-50 DE 20 MM - MONTAGEM. AF_01/2024 | G58: KG | H58: 32.95 | I58: 8.76 | J58: 10.72 | K58: 353.22
B59: Serviço | C59: 1.4.1.0.9. | D59: SINAPI | E59: 104916 | F59: ARMAÇÃO DE SAPATA ISOLADA, VIGA BALDRAME E SAPATA CORRIDA UTILIZANDO AÇO CA-60 DE 5 MM - MONTAGEM. AF_01/2024 | G59: KG | H59: 795.26 | I59: 14.91 | J59: 18.26 | K59: 14521.44
B60: Serviço | C60: 1.4.1.0.10. | D60: SINAPI | E60: 96557 | F60: CONCRETAGEM DE BLOCO DE COROAMENTO OU VIGA BALDRAME, FCK 30 MPA, COM USO DE BOMBA - LANÇAMENTO, ADENSAMENTO E ACABAMENTO. AF_01/2024 | G60: M3 | H60: 51.33 | I60: 620.41 | J60: 759.81 | K60: 39001.04
B61: Nível 3 | C61: 1.4.2. | D61: SINAPI | F61: CONCRETO ARMADO - PILARES | G61: - | H61: 0 | I61: 0 | J61: 0 | K61: =SUM(K62:K67) -> 84845.81
B62: Serviço | C62: 1.4.2.0.1. | D62: SINAPI | E62: 92443 | F62: MONTAGEM E DESMONTAGEM DE FÔRMA DE PILARES RETANGULARES E ESTRUTURAS SIMILARES, PÉ-DIREITO SIMPLES, EM CHAPA DE MADEIRA COMPENSADA PLASTIFICADA, 18 UTILIZAÇÕES. AF_09/2020 | G62: M2 | H62: 581.21 | I62: 44.44 | J62: 54.42 | K62: 31629.44
B63: Serviço | C63: 1.4.2.0.2. | D63: SINAPI | E63: 92762 | F63: ARMAÇÃO DE PILAR OU VIGA DE ESTRUTURA CONVENCIONAL DE CONCRETO ARMADO UTILIZANDO AÇO CA-50 DE 10,0 MM - MONTAGEM. AF_06/2022 | G63: KG | H63: 1755.23 | I63: 8.7 | J63: 10.65 | K63: 18693.19
B64: Serviço | C64: 1.4.2.0.3. | D64: SINAPI | E64: 92763 | F64: ARMAÇÃO DE PILAR OU VIGA DE ESTRUTURA CONVENCIONAL DE CONCRETO ARMADO UTILIZANDO AÇO CA-50 DE 12,5 MM - MONTAGEM. AF_06/2022 | G64: KG | H64: 41.25 | I64: 7.19 | J64: 8.8 | K64: 363
B65: Serviço | C65: 1.4.2.0.4. | D65: SINAPI | E65: 92764 | F65: ARMAÇÃO DE PILAR OU VIGA DE ESTRUTURA CONVENCIONAL DE CONCRETO ARMADO UTILIZANDO AÇO CA-50 DE 16,0 MM - MONTAGEM. AF_06/2022 | G65: KG | H65: 13.26 | I65: 6.89 | J65: 8.43 | K65: 111.78
B66: Serviço | C66: 1.4.2.0.5. | D66: SINAPI | E66: 92759 | F66: ARMAÇÃO DE PILAR OU VIGA DE ESTRUTURA CONVENCIONAL DE CONCRETO ARMADO UTILIZANDO AÇO CA-60 DE 5,0 MM - MONTAGEM. AF_06/2022 | G66: KG | H66: 803.5 | I66: 12.13 | J66: 14.85 | K66: 11931.97
B67: Serviço | C67: 1.4.2.0.6. | D67: Composição | E67: FNDE 239 | F67: CONCRETAGEM DE PILARES, FCK = 30 MPA, COM USO DE BOMBA - LANÇAMENTO, ADENSAMENTO E ACABAMENTO. (M3) | G67: M3 | H67: 29.2 | I67: 618.44695 | J67: =I67*22.47%+I67 -> 757.41197 | K67: =J67*H67 -> 22116.43
B68: Nível 3 | C68: 1.4.3. | D68: SINAPI | F68: CONCRETO ARMADO PARA VERGAS | G68: - | H68: 0 | I68: 0 | J68: 0 | K68: =SUM(K69:K75) -> 131956.11
B69: Serviço | C69: 1.4.3.0.1. | D69: SINAPI | E69: 92479 | F69: MONTAGEM E DESMONTAGEM DE FÔRMA DE VIGA, ESCORAMENTO COM GARFO DE MADEIRA, PÉ-DIREITO SIMPLES, EM CHAPA DE MADEIRA PLASTIFICADA, 18 UTILIZAÇÕES. AF_09/2020 | G69: M2 | H69: 800.94 | I69: 62.73 | J69: 76.82 | K69: 61528.21
B70: Serviço | C70: 1.4.3.0.2. | D70: SINAPI | E70: 92761 | F70: ARMAÇÃO DE PILAR OU VIGA DE ESTRUTURA CONVENCIONAL DE CONCRETO ARMADO UTILIZANDO AÇO CA-50 DE 8,0 MM - MONTAGEM. AF_06/2022 | G70: KG | H70: 958.05 | I70: 9.94 | J70: 12.17 | K70: 11659.46
B71: Serviço | C71: 1.4.3.0.3. | D71: SINAPI | E71: 92762 | F71: ARMAÇÃO DE PILAR OU VIGA DE ESTRUTURA CONVENCIONAL DE CONCRETO ARMADO UTILIZANDO AÇO CA-50 DE 10,0 MM - MONTAGEM. AF_06/2022 | G71: KG | H71: 939.81 | I71: 8.7 | J71: 10.65 | K71: 10008.97
B72: Serviço | C72: 1.4.3.0.4. | D72: SINAPI | E72: 92763 | F72: ARMAÇÃO DE PILAR OU VIGA DE ESTRUTURA CONVENCIONAL DE CONCRETO ARMADO UTILIZANDO AÇO CA-50 DE 12,5 MM - MONTAGEM. AF_06/2022 | G72: KG | H72: 164.31 | I72: 7.19 | J72: 8.8 | K72: 1445.92
B73: Serviço | C73: 1.4.3.0.5. | D73: SINAPI | E73: 92764 | F73: ARMAÇÃO DE PILAR OU VIGA DE ESTRUTURA CONVENCIONAL DE CONCRETO ARMADO UTILIZANDO AÇO CA-50 DE 16,0 MM - MONTAGEM. AF_06/2022 | G73: KG | H73: 143.35 | I73: 6.89 | J73: 8.43 | K73: 1208.44
B74: Serviço | C74: 1.4.3.0.6. | D74: SINAPI | E74: 92759 | F74: ARMAÇÃO DE PILAR OU VIGA DE ESTRUTURA CONVENCIONAL DE CONCRETO ARMADO UTILIZANDO AÇO CA-60 DE 5,0 MM - MONTAGEM. AF_06/2022 | G74: KG | H74: 713.59 | I74: 12.13 | J74: 14.85 | K74: 10596.81
B75: Serviço | C75: 1.4.3.0.7. | D75: Composição | E75: FNDE 240 | F75: CONCRETAGEM DE VIGAS E LAJES, FCK=30 MPA, PARA LAJES MACIÇAS OU NERVURADAS COM USO DE BOMBA - LANÇAMENTO, ADENSAMENTO E ACABAMENTO. (M3) | G75: M3 | H75: 46.77 | I75: 619.91584 | J75: =I75*22.47%+I75 -> 759.21093 | K75: =J75*H75 -> 35508.295
B76: Nível 3 | C76: 1.4.4. | D76: SINAPI | F76: CONCRETO ARMADO - LAJE | G76: - | H76: 0 | I76: 0 | J76: 0 | K76: =K77+K85+K90 -> 263766.52
B77: Nível 4 | C77: 1.4.4.1. | D77: SINAPI | F77: LAJE DE PISO - CASA MÁQUINAS E MASTRO | G77: - | H77: 0 | I77: 0 | J77: 0 | K77: =SUM(K78:K84) -> 3086.33
B78: Serviço | C78: 1.4.4.1.1. | D78: SINAPI | E78: 97083 | F78: COMPACTAÇÃO MECÂNICA DE SOLO PARA EXECUÇÃO DE RADIER, PISO DE CONCRETO OU LAJE SOBRE SOLO, COM COMPACTADOR DE SOLOS A PERCUSSÃO. AF_09/2021 | G78: M2 | H78: 12.94 | I78: 3.34 | J78: 4.09 | K78: 52.92
B79: Serviço | C79: 1.4.4.1.2. | D79: SINAPI | E79: 96624 | F79: LASTRO COM MATERIAL GRANULAR (PEDRA BRITADA N.2), APLICADO EM PISOS OU LAJES SOBRE SOLO, ESPESSURA DE *10 CM*. AF_01/2024 | G79: M3 | H79: 0.65 | I79: 179.94 | J79: 220.37 | K79: 143.24
B80: Serviço | C80: 1.4.4.1.3. | D80: SINAPI | E80: 97087 | F80: CAMADA SEPARADORA PARA EXECUÇÃO DE RADIER, PISO DE CONCRETO OU LAJE SOBRE SOLO, EM LONA PLÁSTICA. AF_09/2021 | G80: M2 | H80: 12.94 | I80: 2.15 | J80: 2.63 | K80: 34.03
B81: Serviço | C81: 1.4.4.1.4. | D81: SINAPI | E81: 97086 | F81: FABRICAÇÃO, MONTAGEM E DESMONTAGEM DE FORMA PARA RADIER, PISO DE CONCRETO OU LAJE SOBRE SOLO, EM MADEIRA SERRADA, 4 UTILIZAÇÕES. AF_09/2021 | G81: M2 | H81: 3.3 | I81: 134.66 | J81: 164.91 | K81: 544.2
B82: Serviço | C82: 1.4.4.1.5. | D82: SINAPI | E82: 97091 | F82: ARMAÇÃO PARA EXECUÇÃO DE RADIER, PISO DE CONCRETO OU LAJE SOBRE SOLO, COM USO DE TELA Q-159. AF_09/2021 | G82: KG | H82: 15.96 | I82: 12.43 | J82: 15.22 | K82: 242.91
B83: Serviço | C83: 1.4.4.1.6. | D83: SINAPI | E83: 97096 | F83: CONCRETAGEM DE RADIER, PISO DE CONCRETO OU LAJE SOBRE SOLO, FCK 30 MPA - LANÇAMENTO, ADENSAMENTO E ACABAMENTO. AF_09/2021 | G83: M3 | H83: 1.27 | I83: 537.84 | J83: 658.69 | K83: 836.53
B84: Serviço | C84: 1.4.4.1.7. | D84: SINAPI | E84: 97097 | F84: ACABAMENTO POLIDO PARA PISO DE CONCRETO ARMADO OU LAJE SOBRE SOLO DE ALTA RESISTÊNCIA. AF_09/2021 | G84: M2 | H84: 37.09 | I84: 27.14 | J84: 33.23 | K84: 1232.5
B85: Nível 3 | C85: 1.4.5. | D85: SINAPI | F85: LAJE DE COBERTURA - CASA DE MÁQUINAS E CASA DE GÁS | G85: - | H85: 0 | I85: 0 | J85: 0 | K85: =SUM(K86:K89) -> 2065.0665
B86: Serviço | C86: 1.4.5.0.1. | D86: SINAPI | E86: 92538 | F86: MONTAGEM E DESMONTAGEM DE FÔRMA DE LAJE MACIÇA, PÉ-DIREITO SIMPLES, EM CHAPA DE MADEIRA COMPENSADA PLASTIFICADA, 18 UTILIZAÇÕES. AF_09/2020 | G86: M2 | H86: 15.15 | I86: 28.29 | J86: 34.64 | K86: 524.79
B87: Serviço | C87: 1.4.5.0.2. | D87: SINAPI | E87: 92769 | F87: ARMAÇÃO DE LAJE DE ESTRUTURA CONVENCIONAL DE CONCRETO ARMADO UTILIZANDO AÇO CA-50 DE 6,3 MM - MONTAGEM. AF_06/2022 | G87: KG | H87: 8.18 | I87: 10.37 | J87: 12.7 | K87: 103.88
B88: Serviço | C88: 1.4.5.0.3. | D88: SINAPI | E88: 92770 | F88: ARMAÇÃO DE LAJE DE ESTRUTURA CONVENCIONAL DE CONCRETO ARMADO UTILIZANDO AÇO CA-50 DE 8,0 MM - MONTAGEM. AF_06/2022 | G88: KG | H88: 13.31 | I88: 9.41 | J88: 11.52 | K88: 153.33
B89: Serviço | C89: 1.4.5.0.4. | D89: Composição | E89: FNDE 240 | F89: CONCRETAGEM DE VIGAS E LAJES, FCK=30 MPA, PARA LAJES MACIÇAS OU NERVURADAS COM USO DE BOMBA - LANÇAMENTO, ADENSAMENTO E ACABAMENTO. (M3) | G89: M3 | H89: 1.69 | I89: 619.91584 | J89: =I89*22.47%+I89 -> 759.21093 | K89: =J89*H89 -> 1283.0665
B90: Nível 3 | C90: 1.4.6. | D90: SINAPI | F90: ESTRUTURA METÁLICA | G90: - | H90: 0 | I90: 0 | J90: 0 | K90: =SUM(K91:K94) -> 258615.12
B91: Serviço | C91: 1.4.6.0.1. | D91: Composição | E91: FNDE 607 | F91: ESTRUTURA TRELIÇADA DE COBERTURA, INCLUSOS PERFIS METÁLICOS, CHAPA METÁLICAS, MÃO DE OBRA E TRANSPORTE COM GUINDASTE - FORNECIMENTO E INSTALAÇÃO (KG) | G91: 0 | H91: 19006 | I91: 9.873318 | J91: =I91*22.47%+I91 -> 12.091853 | K91: =J91*H91 -> 229817.75
B92: Serviço | C92: 1.4.6.0.2. | D92: SINAPI | E92: 100723 | F92: PINTURA COM TINTA ALQUÍDICA DE FUNDO E ACABAMENTO (ESMALTE SINTÉTICO GRAFITE) PULVERIZADA SOBRE PERFIL METÁLICO EXECUTADO EM FÁBRICA (POR DEMÃO). AF_01/2020_PE | G92: M2 | H92: 1611.6 | I92: 11.57 | J92: 14.16 | K92: 22820.25
B93: Serviço | C93: 1.4.6.0.3. | D93: SINAPI | E93: 100719 | F93: PINTURA COM TINTA ALQUÍDICA DE FUNDO (TIPO ZARCÃO) PULVERIZADA SOBRE PERFIL METÁLICO EXECUTADO EM FÁBRICA (POR DEMÃO). AF_01/2020_PE | G93: M2 | H93: 227.7 | I93: 10.8 | J93: 13.22 | K93: 3010.19
B94: Serviço | C94: 1.4.6.0.4. | D94: SINAPI | E94: 100739 | F94: PINTURA COM TINTA ALQUÍDICA DE ACABAMENTO (ESMALTE SINTÉTICO ACETINADO) PULVERIZADA SOBRE PERFIL METÁLICO EXECUTADO EM FÁBRICA (POR DEMÃO). AF_01/2020_PE | G94: M2 | H94: 227.7 | I94: 10.64 | J94: 13.03 | K94: 2966.93
B95: Nível 2 | C95: 1.5. | D95: SINAPI | F95: SISTEMA DE VEDAÇÃO VERTICAL | G95: - | H95: 0 | I95: 0 | J95: 0 | K95: =K96+K98+K104+K109 -> 167242.88
B96: Nível 3 | C96: 1.5.1. | D96: SINAPI | F96: ELEMENTOS VAZADOS | G96: - | H96: 0 | I96: 0 | J96: 0 | K96: =K97 -> 1193.66
B97: Serviço | C97: 1.5.1.0.1. | D97: SINAPI | E97: 101161 | F97: ALVENARIA DE VEDAÇÃO COM ELEMENTO VAZADO DE CONCRETO (COBOGÓ) DE 7X50X50CM E ARGAMASSA DE ASSENTAMENTO COM PREPARO EM BETONEIRA. AF_05/2020 | G97: M2 | H97: 4.8 | I97: 203.06 | J97: 248.68 | K97: 1193.66
B98: Nível 3 | C98: 1.5.2. | D98: SINAPI | F98: ALVENARIA DE VEDAÇÃO | G98: - | H98: 0 | I98: 0 | J98: 0 | K98: =SUM(K99:K103) -> 140336.41
B99: Serviço | C99: 1.5.2.0.1. | D99: SINAPI | E99: 103324 | F99: ALVENARIA DE VEDAÇÃO DE BLOCOS CERÂMICOS FURADOS NA VERTICAL DE 14X19X39 CM (ESPESSURA 14 CM) E ARGAMASSA DE ASSENTAMENTO COM PREPARO EM BETONEIRA. AF_12/2021 | G99: M2 | H99: 823.51 | I99: 68.48 | J99: 83.86 | K99: 69059.54
B100: Serviço | C100: 1.5.2.0.2. | D100: SINAPI | E100: 103322 | F100: ALVENARIA DE VEDAÇÃO DE BLOCOS CERÂMICOS FURADOS NA VERTICAL DE 9X19X39 CM (ESPESSURA 9 CM) E ARGAMASSA DE ASSENTAMENTO COM PREPARO EM BETONEIRA. AF_12/2021 | G100: M2 | H100: 933.85 | I100: 50.74 | J100: 62.14 | K100: 58029.43
B101: Serviço | C101: 1.5.2.0.3. | D101: SINAPI | E101: 103328 | F101: ALVENARIA DE VEDAÇÃO DE BLOCOS CERÂMICOS FURADOS NA HORIZONTAL DE 9X19X19 CM (ESPESSURA 9 CM) E ARGAMASSA DE ASSENTAMENTO COM PREPARO EM BETONEIRA. AF_12/2021 | G101: M2 | H101: 17.16 | I101: 87.89 | J101: 107.63 | K101: 1846.93
B102: Serviço | C102: 1.5.2.0.4. | D102: SINAPI | E102: 93200 | F102: FIXAÇÃO (ENCUNHAMENTO) DE ALVENARIA DE VEDAÇÃO COM ARGAMASSA APLICADA COM BISNAGA. AF_03/2024 | G102: M | H102: 639.94 | I102: 11.72 | J102: 14.35 | K102: 9183.13
B103: Serviço | C103: 1.5.2.0.5. | D103: SINAPI | E103: 101159 | F103: ALVENARIA DE VEDAÇÃO DE BLOCOS CERÂMICOS MACIÇOS DE 5X10X20CM (ESPESSURA 10CM) E ARGAMASSA DE ASSENTAMENTO COM PREPARO EM BETONEIRA. AF_05/2020 | G103: M2 | H103: 14.71 | I103: 123.09 | J103: 150.74 | K103: 2217.38
...

Sheet BDI
B5: BDI 1
B6: TIPO DE OBRA
B7: Construção e Reforma de Edifícios
B9: Itens | J9: Siglas | K9: % Adotado
B11: =IF($J$16=$A$145,"Encargos Sociais incidentes sobre a mão de obra","Administração Central") -> Administração Central | J11: =IF($J7=$A$145,"K1","AC") -> K1 | K11: 0.03
B12: =IF($J$16=$A$145,"Administração Central da empresa ou consultoria - overhead","Seguro e Garantia") -> Seguro e Garantia | J12: =IF($J7=$A$145,"K2","SG") -> K2 | K12: 0.008
B13: =IF($J$16=$A$145,"","Risco") -> Risco | J13: =IF($J7=$A$145,"","R") | K13: 0.0097
B14: =IF($J$16=$A$145,"","Despesas Financeiras") -> Despesas Financeiras | J14: =IF($J7=$A$145,"","DF") | K14: 0.0059
B15: =IF($J$16=$A$145,"Margem bruta da empresa de consultoria","Lucro") -> Lucro | J15: =IF($J7=$A$145,"K3","L") -> K3 | K15: 0.0616
B16: Tributos (impostos COFINS 3%, e PIS 0,65%) | J16: CP | K16: 0.0365
B17: Tributos (ISS, variável de acordo com o município) | J17: ISS | K17: 0.05
B18: Tributos (Contribuição Previdenciária sobre a Receita Bruta - 0% ou 4,5% - Desoneração) | J18: CPRB | K18: =IF(BDI.Opcao<>"Desonerado",0,IF(AND($J7<>$A$144,COUNTA(OFFSET(K10,1,0,6))>0),4.5%,0%)) -> 0
B19: BDI SEM desoneração (Fórmula Acórdão TCU) | J19: BDI PAD | K19: 0.2247

Sheet CRONOGRAMA
D3: CRONOGRAMA FISICO FINANCEIRO
B5: Item | C5: Descrição | D5: Valor (R$) | E5: Parcelas: | F5: 1 | G5: 2 | H5: 3 | I5: 4 | J5: 5 | K5: 6 | L5: 7 | M5: 8 | N5: 9 | O5: 10 | P5: 11 | Q5: 12 | R5: 13 | S5: 14 | T5: 15 | U5: 16 | V5: 17 | W5: 18
F6: 45931 | G6: 45962 | H6: 45992 | I6: 46023 | J6: 46054 | K6: 46082 | L6: 46114 | M6: 46145 | N6: 46177 | O6: 46208 | P6: 46240 | Q6: 46272 | R6: 46303 | S6: 46335 | T6: 46366 | U6: 46388 | V6: 46419 | W6: 46447
B7: 1. | C7: CEMEI Santa Mariana Pirapora/MG. Projeto Padrão FNDE- Creche e Pré Escola Tipo I. | D7: =ORÇAMENTARIA!K6 -> 5164000 | E7: % Período: | F7: #DIV/0! | G7: #DIV/0! | H7: #DIV/0! | I7: #DIV/0! | J7: #DIV/0! | K7: #DIV/0! | L7: #DIV/0! | M7: #DIV/0! | N7: #DIV/0! | O7: #DIV/0! | P7: #DIV/0! | Q7: #DIV/0! | R7: #DIV/0! | S7: #DIV/0! | T7: #DIV/0! | U7: #DIV/0! | V7: #DIV/0! | W7: #DIV/0!
B9: 1.1. | C9: SERVIÇOS PRELIMINARES | D9: =ORÇAMENTARIA!K7 -> 594849.24 | E9: % Período: | F9: 0.1 | G9: 0.1 | H9: 0.2 | I9: 0.2 | V9: 0.2 | W9: 0.2
F10: =D9*F9 -> 59484.924 | G10: =D9*G9 -> 59484.924 | H10: =D9*H9 -> 118969.85 | I10: =D9*I9 -> 118969.85 | V10: =D9*V9 -> 118969.85 | W10: =D9*W9 -> 118969.85 | X10: =SUM(F10:W10) -> 594849.24
B11: 1.2. | C11: MOVIMENTO DE TERRA PARA FUNDAÇÕES | D11: =ORÇAMENTARIA!K17 -> 133141.27 | E11: % Período: | F11: 0.25 | G11: 0.25 | H11: 0.25 | I11: 0.25
F12: =D11*F11 -> 33285.317 | G12: =D11*G11 -> 33285.317 | H12: =D11*H11 -> 33285.317 | I12: =D11*I11 -> 33285.317 | X12: =SUM(F12:W12) -> 133141.27
B13: 1.3. | C13: FUNDAÇÕES | D13: =ORÇAMENTARIA!K25 -> 299921.21 | E13: % Período: | G13: 0.2 | H13: 0.3 | I13: 0.3 | J13: 0.2 | X13: =SUM(F13:W13) -> 1
G14: =D13*G13 -> 59984.243 | H14: =D13*H13 -> 89976.364 | I14: =D13*I13 -> 89976.364 | J14: =D13*J13 -> 59984.243 | X14: =SUM(F14:W14) -> 299921.21
B15: 1.4. | C15: SUPERESTRUTURA | D15: =ORÇAMENTARIA!K25 -> 299921.21 | E15: % Período: | K15: 0.2 | L15: 0.2 | M15: 0.2 | N15: 0.2 | O15: 0.2 | X15: =SUM(F15:W15) -> 1
K16: =D15*K15 -> 59984.243 | L16: =D15*L15 -> 59984.243 | M16: =D15*M15 -> 59984.243 | N16: =D15*N15 -> 59984.243 | O16: =D15*O15 -> 59984.243 | X16: =SUM(F16:W16) -> 299921.21
B17: 1.5. | C17: SISTEMA DE VEDAÇÃO VERTICAL | D17: =ORÇAMENTARIA!K95 -> 167242.88 | E17: % Período: | M17: 0.25 | N17: 0.5 | O17: 0.25 | X17: =SUM(F17:W17) -> 1
M18: =D17*M17 -> 41810.72 | N18: =D17*N17 -> 83621.44 | O18: =D17*O17 -> 41810.72 | X18: =SUM(F18:W18) -> 167242.88
B19: 1.6. | C19: ESQUADRIAS | D19: =ORÇAMENTARIA!K113 -> 463172.88 | E19: % Período: | P19: 0.25 | Q19: 0.5 | R19: 0.25 | X19: =SUM(F19:W19) -> 1
P20: =D19*P19 -> 115793.22 | Q20: =D19*Q19 -> 231586.44 | R20: =D19*R19 -> 115793.22 | X20: =SUM(F20:W20) -> 463172.88
B21: 1.7. | C21: SISTEMAS DE COBERTURA | D21: =ORÇAMENTARIA!K167 -> 325859.78 | E21: % Período: | P21: 0.25 | Q21: 0.25 | R21: 0.25 | S21: 0.25 | X21: =SUM(F21:W21) -> 1
P22: =D21*P21 -> 81464.946 | Q22: =D21*Q21 -> 81464.946 | R22: =D21*R21 -> 81464.946 | S22: =D21*S21 -> 81464.946 | X22: =SUM(F22:W22) -> 325859.78
B23: 1.8. | C23: IMPERMEABILIZAÇÃO | D23: =ORÇAMENTARIA!K174 -> 43003.103 | E23: % Período: | Q23: 1 | X23: =SUM(F23:W23) -> 1
Q24: =D23*Q23 -> 43003.103 | X24: =SUM(F24:W24) -> 43003.103
B25: 1.9. | C25: REVESTIMENTOS INTERNO E EXTERNO | D25: =ORÇAMENTARIA!K180 -> 439932.21 | E25: % Período: | P25: 0.25 | Q25: 0.25 | R25: 0.25 | S25: 0.25 | X25: =SUM(F25:W25) -> 1
P26: =D25*P25 -> 109983.05 | Q26: =D25*Q25 -> 109983.05 | R26: =D25*R25 -> 109983.05 | S26: =D25*S25 -> 109983.05 | X26: =SUM(F26:W26) -> 439932.21
B27: 1.10. | C27: SISTEMAS DE PISOS | D27: =ORÇAMENTARIA!K196 -> 493125.94 | E27: % Período: | Q27: 0.25 | R27: 0.25 | S27: 0.25 | T27: 0.25 | X27: =SUM(F27:W27) -> 1
Q28: =D27*Q27 -> 123281.49 | R28: =D27*R27 -> 123281.49 | S28: =D27*S27 -> 123281.49 | T28: =D27*T27 -> 123281.49 | X28: =SUM(F28:W28) -> 493125.94
B29: 1.11. | C29: PINTURAS E ACABAMENTOS | D29: =ORÇAMENTARIA!K230 -> 154922.53 | E29: % Período: | S29: 0.25 | T29: 0.25 | U29: 0.2 | V29: 0.15 | W29: 0.15 | X29: =SUM(F29:W29) -> 1
S30: =D29*S29 -> 38730.633 | T30: =D29*T29 -> 38730.633 | U30: =D29*U29 -> 30984.506 | V30: =D29*V29 -> 23238.38 | W30: =D29*W29 -> 23238.38 | X30: =SUM(F30:W30) -> 154922.53
B31: 1.12. | C31: INSTALAÇÃO HIDRÁULICA | D31: =ORÇAMENTARIA!K256 -> 141567.93 | E31: % Período: | M31: 0.2 | N31: 0.2 | P31: 0.2 | Q31: 0.2 | S31: 0.2 | X31: =SUM(F31:W31) -> 1
M32: =D31*M31 -> 28313.585 | N32: =D31*N31 -> 28313.585 | P32: =D31*P31 -> 28313.585 | Q32: =D31*Q31 -> 28313.585 | S32: =D31*S31 -> 28313.585 | X32: =SUM(F32:W32) -> 141567.93
B33: 1.13. | C33: DRENAGEM DE ÁGUAS PLUVIAIS | D33: =ORÇAMENTARIA!K307 -> 50782.225 | E33: % Período: | P33: 0.3 | Q33: 0.3 | S33: 0.4 | X33: =SUM(F33:W33) -> 1
P34: =D33*P33 -> 15234.668 | Q34: =D33*Q33 -> 15234.668 | S34: =D33*S33 -> 20312.89 | X34: =SUM(F34:W34) -> 50782.225
B35: 1.14. | C35: INSTALAÇÕES DE ESGOTO SANITÁRIO | D35: =ORÇAMENTARIA!K330 -> 92870.099 | E35: % Período: | G35: 0.2 | H35: 0.2 | L35: 0.2 | M35: 0.2 | P35: 0.2 | X35: =SUM(F35:W35) -> 1
G36: =D35*G35 -> 18574.02 | H36: =D35*H35 -> 18574.02 | L36: =D35*L35 -> 18574.02 | M36: =D35*M35 -> 18574.02 | P36: =D35*P35 -> 18574.02 | X36: =SUM(F36:W36) -> 92870.099
B37: 1.15. | C37: LOUÇAS, ACESSÓRIOS E METAIS | D37: =ORÇAMENTARIA!K381 -> 76995.603 | E37: % Período: | T37: 0.5 | U37: 0.5 | X37: =SUM(F37:W37) -> 1
T38: =D37*T37 -> 38497.802 | U38: =D37*U37 -> 38497.802 | X38: =SUM(F38:W38) -> 76995.603
B39: 1.16. | C39: SISTEMA DE PROTEÇÃO CONTRA INCÊNDIO | D39: =ORÇAMENTARIA!K416 -> 109662.46 | E39: % Período: | M39: 0.2 | N39: 0.2 | Q39: 0.2 | R39: 0.2 | W39: 0.2 | X39: =SUM(F39:W39) -> 1
M40: =D39*M39 -> 21932.491 | N40: =D39*N39 -> 21932.491 | Q40: =D39*Q39 -> 21932.491 | R40: =D39*R39 -> 21932.491 | W40: =D39*W39 -> 21932.491 | X40: =SUM(F40:W40) -> 109662.46
B41: 1.17. | C41: INSTALAÇÕES ELÉTRICAS - 220V | D41: =ORÇAMENTARIA!K477 -> 342447.06 | E41: % Período: | K41: 0.1 | L41: 0.1 | M41: 0.1 | N41: 0.1 | O41: 0.1 | T41: 0.2 | U41: 0.1 | V41: 0.1 | W41: 0.1 | X41: =SUM(F41:W41) -> 1
K42: =D41*K41 -> 34244.706 | L42: =D41*L41 -> 34244.706 | M42: =D41*M41 -> 34244.706 | N42: =D41*N41 -> 34244.706 | O42: =D41*O41 -> 34244.706 | T42: =D41*T41 -> 68489.412 | U42: =D41*U41 -> 34244.706 | V42: =D41*V41 -> 34244.706 | W42: =D41*W41 -> 34244.706 | X42: =SUM(F42:W42) -> 342447.06
B43: 1.18. | C43: INSTALAÇÕES DE CABEAMENTO ESTRUTURADO | D43: =ORÇAMENTARIA!K598 -> 58509.04 | E43: % Período: | M43: 0.1 | N43: 0.1 | O43: 0.1 | T43: 0.2 | U43: 0.25 | V43: 0.25 | X43: =SUM(F43:W43) -> 1
M44: =D43*M43 -> 5850.904 | N44: =D43*N43 -> 5850.904 | O44: =D43*O43 -> 5850.904 | T44: =D43*T43 -> 11701.808 | U44: =D43*U43 -> 14627.26 | V44: =D43*V43 -> 14627.26 | X44: =SUM(F44:W44) -> 58509.04
B45: 1.19. | C45: SISTEMA DE PROTEÇÃO CONTRA DESCARGAS ATMOSFÉRICAS (SPDA) | D45: =ORÇAMENTARIA!K636 -> 32424.3 | E45: % Período: | G45: 0.1 | H45: 0.1 | S45: 0.5 | T45: 0.3 | X45: =SUM(F45:W45) -> 1
G46: =D45*G45 -> 3242.43 | H46: =D45*H45 -> 3242.43 | S46: =D45*S45 -> 16212.15 | T46: =D45*T45 -> 9727.2899 | X46: =SUM(F46:W46) -> 32424.3
B47: 1.20. | C47: INSTALAÇÕES DE CLIMATIZAÇÃO | D47: =ORÇAMENTARIA!K643 -> 23637.58 | E47: % Período: | P47: 0.1 | Q47: 0.1 | R47: 0.1 | U47: 0.15 | V47: 0.15 | W47: 0.4 | X47: =SUM(F47:W47) -> 1
P48: =D47*P47 -> 2363.758 | Q48: =D47*Q47 -> 2363.758 | R48: =D47*R47 -> 2363.758 | U48: =D47*U47 -> 3545.637 | V48: =D47*V47 -> 3545.637 | W48: =D47*W47 -> 9455.032 | X48: =SUM(F48:W48) -> 23637.58
B49: 1.21. | C49: INSTALAÇÕES DE EXAUSTÃO MECÂNICA | D49: =ORÇAMENTARIA!K655 -> 11121.668 | E49: % Período: | T49: 0.3 | U49: 0.3 | V49: 0.4 | X49: =SUM(F49:W49) -> 1
T50: =D49*T49 -> 3336.5004 | U50: =D49*U49 -> 3336.5004 | V50: =D49*V49 -> 4448.6672 | X50: =SUM(F50:W50) -> 11121.668
B51: 1.22. | C51: INSTALAÇÕES DE GÁS COMBUSTÍVEL | D51: =ORÇAMENTARIA!K659 -> 4594.2567 | E51: % Período: | V51: 0.5 | W51: 0.5 | X51: =SUM(F51:W51) -> 1
V52: =D51*V51 -> 2297.1284 | W52: =D51*W51 -> 2297.1284 | X52: =SUM(F52:W52) -> 4594.2567
B53: 1.23. | C53: SERVIÇOS COMPLEMENTARES | D53: =ORÇAMENTARIA!K672 -> 150720.81 | E53: % Período: | G53: 0.1 | I53: 0.1 | K53: 0.1 | M53: 0.1 | O53: 0.1 | Q53: 0.1 | S53: 0.1 | U53: 0.1 | W53: 0.2 | X53: =SUM(F53:W53) -> 1
G54: =D53*G53 -> 15072.081 | I54: =D53*I53 -> 15072.081 | K54: =D53*K53 -> 15072.081 | M54: =D53*M53 -> 15072.081 | O54: =D53*O53 -> 15072.081 | Q54: =D53*Q53 -> 15072.081 | S54: =D53*S53 -> 15072.081 | U54: =D53*U53 -> 15072.081 | W54: =D53*W53 -> 30144.161 | X54: =SUM(F54:W54) -> 150720.81
B55: 1.24. | C55: FECHAMENTO - MURO | D55: =ORÇAMENTARIA!K684 -> 296411.11 | E55: % Período: | F55: 0.25 | G55: 0.25 | H55: 0.25 | I55: 0.25 | X55: =SUM(F55:W55) -> 1
F56: =D55*F55 -> 74102.778 | G56: =D55*G55 -> 74102.778 | H56: =D55*H55 -> 74102.778 | I56: =D55*I55 -> 74102.778 | X56: =SUM(F56:W56) -> 296411.11
